 Dungeon Sprint DCSS version 0.31-a0-795-g5eb97db20b (webtiles) character file.

Game seed: 3403087197848130935

8519 sircluck the Brawler (level 11, -5/192 HPs)
             Began as a Troll Berserker on Sept 18, 2023.
             Was a High Priest of Trog.
             Slain by Rupert
             ... wielding a +2 great mace of protection
              (28 damage)
             ... in the Dungeon (Sprint III: "The Ten Rune Challenge").
             The game lasted 00:03:29 (911 turns).

sircluck the Brawler (Troll Berserker)               Turns: 911, Time: 00:03:29

Health: -5/192     AC:  5    Str: 31    XL:     11   Next: 11%
Magic:  10/10      EV: 13    Int:  3    God:    Trog [*****.]
Gold:   64         SH:  0    Dex:  9    Spells: 10/10 levels left

rFire   . .          .
                       - Unarmed
rCold   . . .        (no shield)
rNeg    . . .        a - +0 animal skin
rPois   .            b - +1 hat {Stlth+}
rElec   .            (no cloak)
rCorr   .            (gloves unavailable)
SInv    .            (boots unavailable)
Will    .....        (no amulet) Stlth
                     (no ring)
HPRegen 1.32/turn    (no ring)
MPRegen 0.12/turn

%: no teleportation
@: berserking (expiring), very quick
A: large, unfitting armour, claws 3, regeneration 1, shaggy fur 1, tough skin 1
a: Renounce Religion, Berserk, Trog's Hand, Brothers in Arms


You were in the Dungeon.
You worshipped Trog.
Trog was extremely pleased with you.
You visited 1 branch You collected 64 gold pieces.

Inventory:

Armour
 a - a +0 animal skin (worn)
 b - a +1 hat of stealth (worn)
Wands
 m - a wand of quicksilver (9)
Scrolls
 g - a scroll of blinking
 i - a scroll of torment {unknown}
 j - 3 scrolls of identify {unknown}
 l - a scroll of poison {unknown}
Potions
 c - a potion of heal wounds
 d - a potion of haste
 e - 2 potions of magic
 f - 2 potions of berserk rage
 h - 5 potions of mutation
 k - 2 potions of enlightenment {unknown}
 n - a potion of degeneration {unknown}
 o - 2 potions of attraction {unknown}


   Skills:
 + Level 13.7 Fighting
 + Level 13.5 Dodging
 + Level 15.9 Unarmed Combat


You had 10 spell levels left.
You didn't know any spells.
Your spell library was empty.

Dungeon Overview and Level Annotations

Branches:
Dungeon (1/1)

Altars:
Cheibriados
Dithmenos
Elyvilon
Fedhas
Gozag
Hepliaklqana
Kikubaaqudgha
Makhleb
Nemelex Xobeh
Okawaru
Qazlal
Ru
Sif Muna
Trog
Uskayaw
Vehumet
Wu Jian
Xom
Yredelemnul
Zin
The Shining One
Jiyva
Lugonu

Annotations:
D Rupert


Innate Abilities, Weirdness & Mutations

You are too large for most types of armour.
You have claws for hands.
Your natural rate of healing is unusually fast.
You are covered in fur. (AC +1)
You have tough skin. (AC +1)


Message History

You feel yourself moving faster!
You feel mighty!
You scratch Rupert but do no damage. You claw Rupert!
Rupert is lightly wounded.
Rupert hits you with a +2 great mace of protection!!
You scratch Rupert.
Rupert is lightly wounded.
Rupert hits you with a +2 great mace of protection!
You scratch Rupert but do no damage.
Rupert is lightly wounded.
Rupert hits you with a +2 great mace of protection!!
You scratch Rupert.
Rupert is lightly wounded.
You claw Rupert!
Rupert is lightly wounded.
Rupert hits you with a +2 great mace of protection!!
You scratch Rupert.
Rupert is lightly wounded.
Rupert closely misses you.
You claw Rupert!
Rupert is moderately wounded.
You barely miss Rupert.
Rupert is moderately wounded.
Rupert misses you.
You eviscerate Rupert!!!
Rupert is heavily wounded.
Rupert closely misses you.
You mangle Rupert!!
Rupert is severely wounded.
Rupert hits you with a +2 great mace of protection!!
You completely miss Rupert.
Rupert is severely wounded.
You claw Rupert!
Rupert is severely wounded.
Rupert hits you with a +2 great mace of protection!!!
* * * LOW HITPOINT WARNING * * *
You scratch Rupert but do no damage. You claw Rupert!!
Rupert is almost dead.
Rupert hits you with a +2 great mace of protection!!
You die...
Rupert roars with triumph.

#..# #..#####....#___#_
▓▓▓▓▓▓▓▓▓▓▓▓▓▓▓▓▓▓▓▓▓▓▓
▓..†'≈≈≈≈~§§.≈♣♣.....♣♣
▓...#~~§≈§§§~~♣♣.≈≈≈≈'♣
▓...#≈†§§§.~≈.†'....†#)
▓...#≈≈)§§≈§≈~♣♣♣♣♣♣♣#.
▓..[#≈~~~§§§.~♣ ##
▓##'####+######
▓.....@@......
▓#+########### .JJ#
▓..J+ ▓...# ▓...# #+###


You could see Rupert (berserk).

Vanquished Creatures
  Gastronok (D)
  A dire elephant (D)
  Erolcha (D)
  A deep elf pyromancer (D)
  2 elephants (D)
  2 cane toads (D)
  A rime drake (D)
  A komodo dragon (D)
  3 wandering mushrooms (D)
  5 blink frogs (D)
  A shadow (D)
  2 redbacks (D)
  A spatial vortex (D)
  A swamp drake (D)
  5 two-headed ogres (D)
  A necrophage (D)
  A water elemental (D)
  A jelly (D)
  A wizard (D)
  A necromancer (D)
  A kobold demonologist (D)
  3 humans (D)
  A phantom (D)
  4 rats (D)
42 creatures vanquished.

Vanquished Creatures (collateral kills)
  A dire elephant (D)
1 creature vanquished.

Grand Total: 43 creatures vanquished

Notes
Turn   | Place    | Note
-------+----------+-------------------------------------------
     0 | D        | sircluck the Troll Berserker began the quest for the Orb.
     0 | D        | Reached XP level 1. HP: 22/22 MP: 0/0
    30 | D        | Reached ** piety under Trog
    65 | D        | Reached skill level 4 in Unarmed Combat
    65 | D        | Reached XP level 2. HP: 10/31 MP: 1/1
   120 | D        | Noticed a water elemental
   125 | D        | Killed a water elemental
   125 | D        | Reached *** piety under Trog
   126 | D        | Reached skill level 5 in Unarmed Combat
   126 | D        | Reached XP level 3. HP: 40/40 MP: 2/2
   126 | D        | Reached XP level 4. HP: 49/49 MP: 3/3
   175 | D        | Found a radiant altar of Vehumet.
   175 | D        | Found a shimmering blue altar of Sif Muna.
   175 | D        | Found an ancient bone altar of Kikubaaqudgha.
   175 | D        | Noticed a wizard
   177 | D        | Killed a wizard
   178 | D        | Reached skill level 5 in Fighting
   178 | D        | Reached skill level 5 in Dodging
   178 | D        | Reached skill level 6 in Unarmed Combat
   180 | D        | Noticed a ynoxinul
   181 | D        | Noticed an ice devil
   181 | D        | Reached **** piety under Trog
   200 | D        | Found a basalt altar of Yredelemnul.
   200 | D        | Found a shadowy altar of Dithmenos.
   200 | D        | Found a sacrificial altar of Ru.
   200 | D        | Noticed a necrophage
   212 | D        | Reached XP level 5. HP: 33/58 MP: 4/4
   218 | D        | Reached skill level 7 in Unarmed Combat
   244 | D        | Found a hide-covered altar of Uskayaw.
   244 | D        | Found an iron altar of Okawaru.
   244 | D        | Found a bloodstained altar of Trog.
   244 | D        | Found an ornate altar of the Wu Jian Council.
   244 | D        | Noticed a human
   245 | D        | Noticed a human
   248 | D        | Killed a human
   249 | D        | Reached skill level 8 in Unarmed Combat
   249 | D        | Reached XP level 6. HP: 71/71 MP: 5/5
   250 | D        | Killed a human
   251 | D        | Reached skill level 9 in Unarmed Combat
   289 | D        | Found a glowing silver altar of Zin.
   289 | D        | Found a glowing golden altar of the Shining One.
   289 | D        | Found a white marble altar of Elyvilon.
   290 | D        | Noticed a deep elf pyromancer
   293 | D        | Killed a deep elf pyromancer
   293 | D        | Reached ***** piety under Trog
   294 | D        | Reached skill level 10 in Unarmed Combat
   294 | D        | Reached XP level 7. HP: 62/81 MP: 6/6
   322 | D        | Noticed a shadow
   329 | D        | Killed a shadow
   330 | D        | Reached XP level 8. HP: 75/92 MP: 7/7
   336 | D        | Found a blossoming altar of Fedhas.
   336 | D        | Found a stormy altar of Qazlal.
   336 | D        | Found a snail-covered altar of Cheibriados.
   336 | D        | Found a burning altar of Makhleb.
   336 | D        | Found a shimmering altar of Xom.
   337 | D        | Found a hazy altar of Hepliaklqana.
   337 | D        | Found an opulent altar of Gozag.
   337 | D        | Found a sparkling altar of Nemelex Xobeh.
   337 | D        | Found a corrupted altar of Lugonu.
   337 | D        | Found a viscous altar of Jiyva.
   366 | D        | Reached skill level 11 in Unarmed Combat
   379 | D        | Received a gift from Trog
   408 | D        | Noticed a two-headed ogre
   418 | D        | Killed a two-headed ogre
   419 | D        | Reached skill level 10 in Fighting
   467 | D        | Noticed a two-headed ogre
   467 | D        | Noticed Erolcha
   471 | D        | Killed a two-headed ogre
   472 | D        | Reached skill level 10 in Dodging
   472 | D        | Reached skill level 12 in Unarmed Combat
   475 | D        | Killed Erolcha
   476 | D        | Reached XP level 9. HP: 73/102 MP: 8/8
   482 | D        | Reached skill level 13 in Unarmed Combat
   559 | D        | Noticed a wandering mushroom
   566 | D        | Noticed a wandering mushroom
   568 | D        | Noticed a wandering mushroom
   570 | D        | Killed a wandering mushroom
   582 | D        | Reached ****** piety under Trog
   588 | D        | Noticed a cane toad
   588 | D        | Noticed a komodo dragon
   588 | D        | Noticed a cane toad
   591 | D        | Killed a cane toad
   593 | D        | Killed a cane toad
   594 | D        | Reached XP level 10. HP: 115/115 MP: 9/9
   597 | D        | Reached skill level 14 in Unarmed Combat
   630 | D        | Received a gift from Trog
   740 | D        | Noticed an elephant
   740 | D        | Noticed an elephant
   743 | D        | Noticed a dire elephant
   746 | D        | Killed an elephant
   750 | D        | Noticed a dire elephant
   751 | D        | Killed a dire elephant
   752 | D        | Reached skill level 15 in Unarmed Combat
   754 | D        | Killed a dire elephant
   754 | D        | Received a gift from Trog
   755 | D        | Noticed Gastronok
   757 | D        | Killed an elephant
   763 | D        | Killed Gastronok
   764 | D        | Reached XP level 11. HP: 88/128 MP: 10/10
   808 | D        | Noticed an azure jelly
   808 | D        | Noticed an azure jelly
   808 | D        | Noticed an azure jelly
   883 | D        | Noticed an azure jelly
   885 | D        | Noticed Rupert
   911 | D        | Slain by Rupert

Illustrated notes

Levels and vault maps discovered:
D:        dungeon_sprint_mu [sprint_mu_entry_cave, sprint_mu_temple_rooms,
          sprint_mu_d1_spiders, sprint_mu_d2_genie, sprint_mu_d3_branching,
          sprint_mu_orc_legion, sprint_mu_elf_gauntlet, sprint_mu_hive_nellie,
          sprint_mu_lair_fedhas, sprint_mu_vaults_butterflies,
          sprint_mu_slime_circle, sprint_mu_shoals_archi,
          sprint_mu_snake_twists, sprint_mu_blade_basic,
          sprint_mu_crypt_fortress, sprint_mu_tomb_spiral,
          sprint_mu_vestibule_basic, sprint_mu_gehenna_hellfire,
          sprint_mu_dis_giant, sprint_mu_tartarus_statrot,
          sprint_mu_cocytus_islands, sprint_mu_zot1]

Skill      XL: |  1  2  3  4  5  6  7  8  9 10 |
---------------+-------------------------------+-----
Fighting       | 3 4 5 7 8 9 10 11 13 | 13.7
Dodging        | 3 4 5 6 8 9 10 11 13 | 13.5
Unarmed Combat | 4 5 6 8 10 12 13 15 | 15.9

Action                     |  1- 3 |  4- 6 |  7- 9 | 10-12 || total
---------------------------+-------+-------+-------+-------++-------
  Melee: Unarmed           |    27 |    29 |    55 |    48 ||   159
         Punch             |       |     2 |     5 |     9 ||    16
 Invoke: Berserk           |     1 |     1 |     3 |     2 ||     7
         Brothers in Arms  |       |       |       |     2 ||     2
    Use: Potion            |       |       |     1 |     1 ||     2
 Armour: Animal skin       |    13 |     8 |    20 |    29 ||    70
  Dodge: Dodged            |     8 |     8 |    23 |     9 ||    48

Table legend: (Time is in decaauts)
 A = Elapsed time spent in this place.
 B = Non-inter-level travel time spent in this place.
 C = Inter-level travel time spent in this place.
 D = Time resting spent in this place.
 E = Time spent auto-exploring this place.
 F = Levels seen in this place.
 G = Mean time per level.
                   A        B        C        D        E       F      G
               +--------+--------+--------+--------+--------+-----+--------+
         Total |    924 |    918 |      6 |    491 |     62 |   1 |  924.0 |
       Dungeon |    924 |    918 |      6 |    491 |     62 |   1 |  924.0 |
               +--------+--------+--------+--------+--------+-----+--------+

Top non-repeatable levels by time:
       D: 924 daAuts
